 Dungeon Crawl Stone Soup version 0.29-a0-542-g075992c915 (webtiles) character file.

Game seed: 8700950162732475163

80 spiderkeys the Ducker (level 4, -3/27 HPs)
             Began as a Deep Elf Abyssal Knight on June 5, 2022.
             Was a Priest of Lugonu.
             Succumbed to an adder's poison
             ... on level 2 of the Dungeon.
             The game lasted 00:02:20 (2087 turns).

spiderkeys the Ducker (Deep Elf Abyssal Knight)     Turns: 2087, Time: 00:02:21

Health: -3/27      AC:  3    Str: 10    XL:     4   Next: 18%
Magic:  8/8        EV: 12    Int: 17    God:    Lugonu [***...]
Gold:   95         SH:  0    Dex: 15    Spells: 3/3 levels left

rFire   . . .      SeeInvis .   a - +1 falchion
rCold   . . .      Faith    .   (no shield)
rNeg    . . .      Spirit   .   b - +0 leather armour
rPois   .          Reflect  .   (no helmet)
rElec   .          Harm     .   (no cloak)
rCorr   .          Rampage  .   (no gloves)
Will    .....                   (no boots)
Stlth   +.........              (no amulet)
HPRegen 0.09/turn               (no ring)
MPRegen 0.11/turn               (no ring)

@: brilliant, lethally poisoned (-3 -> -20), attractive
A: no striking features
a: Renounce Religion, Depart the Abyss, Bend Space, Banish


You were on level 2 of the Dungeon.
You worshipped Lugonu.
Lugonu was most pleased with you.
You visited 1 branch of the dungeon, and saw 2 of its levels.
You visited the Abyss 1 time.

You collected 95 gold pieces.


   Skills:
 + Level 2.9 Fighting
 + Level 2.5 Long Blades
 - Level 1.0 Armour
 + Level 3.4 Dodging
 + Level 2.9 Invocations


You had 3 spell levels left.
You didn't know any spells.
Your spell library was empty.

Inventory:

Hand Weapons
 a - a +1 falchion (weapon)
 o - a +2 dagger of pain
   (You took it off a kobold on level 2 of the Dungeon)
Missiles
 c - 5 poisoned darts
 f - 47 stones
Armour
 b - a +0 leather armour (worn)
 d - a +0 leather armour
   (You found it on level 1 of the Dungeon)
 i - a +0 scale mail
   (You found it on level 1 of the Dungeon)
 j - a +0 scale mail
   (You found it on level 1 of the Dungeon)
 l - a +0 ring mail
   (You found it on level 1 of the Dungeon)
Magical Staves
 n - a staff of earth {!a}
   (You found it on level 1 of the Dungeon)
Scrolls
 h - a scroll of fog {unknown}
 m - a scroll of immolation {!r!r}
Potions
 g - 2 potions of brilliance

Dungeon Overview and Level Annotations

Branches:
Dungeon (2/15)

Altars:

Annotations:
D:2 Sigmund

#. #.# .. ?##.# #.#
..#.# #.# # #.#.# #.# #.
#.#.# ###.# #..###.#.#
##.#.# #
###........######....###
......S@...............'
###...##r#####.##....#.#
##. #..# #.###.#.#.# #
#.## #.# ###.#.# #. #†#
..#.# #. #.# ###.# #r
#.# #.# #. #.# #.# #..


You could see an adder and a quokka.


Message History

You hit the jackal but do no damage. You completely miss the jackal.
The jackal barely misses you. The jackal closely misses you.
The jackal misses you.
You miss the jackal.
The jackal bites you but does no damage. x2
The jackal closely misses you. x2
You hit the jackal.
You kill the jackal!
Lugonu accepts your kill. Something hits you.
The jackal closely misses you. 😮 HP[-6]
You take 6 damage, and now have 20/27 hp.
MASSIVE DAMAGE!! (PAUSE)
You aren't carrying any items that you can evoke.
As you read the scroll labelled EGUGGI KURYOFF, it crumbles to dust.
You feel strangely unstable.
It was a scroll of teleportation.
The jackal barely misses you. The jackal closely misses you. 😕 HP[+1]
The jackal barely misses you. The jackal attacks as you move away!
The jackal barely misses you.
Your surroundings suddenly seem different.
There is a stone staircase leading up, spattered with blood here.
You climb upwards.
Reactivating autopickup.
There is a stone staircase leading down here.
You start resting. 😎 HP[+6]
Your hp is fully restored (27).
You climb downwards.
Level annotation: Sigmund
There is a stone staircase leading up, spattered with blood here.
There is a stone staircase leading up, spattered with blood here.
There is an open door here.
There is an open door here.
A quokka comes into view.
The quokka misses you.
You closely miss the quokka. The quokka misses you.
You closely miss the quokka. The quokka misses you.
The quokka closely misses you.
You hit the quokka but do no damage. The quokka misses you.
You hit the quokka.
You kill the quokka!
Lugonu accepts your kill.
An adder comes into view.
A quokka comes into view.
The adder hisses angrily.
You see here a +0 leather armour of willpower.
You slash the adder! The adder bites you.
You are poisoned.
The adder poisons you! The adder bites you.
You are more poisoned.
The adder poisons you! 😕 HP[-5]
You take 5 damage, and now have 22/27 hp.
You barely miss the adder.
You feel very sick. The adder bites you but does no damage.
The adder bites you.
You are more poisoned.
The adder poisons you! 😮 HP[-6]
You take 6 damage, and now have 16/27 hp.
MASSIVE DAMAGE!! (PAUSE)
You hit the adder.
* * * LOW HITPOINT WARNING * * *
You feel very sick.
The adder bites you but does no damage. 😨 HP[-4]
You take 4 damage, and now have 12/27 hp.
You closely miss the adder.
* * * LOW HITPOINT WARNING * * *
You feel very sick.
The quokka bites you but does no damage.
The adder barely misses you. The quokka barely misses you. The adder bites you.
* * * LOW HITPOINT WARNING * * *
You are more poisoned.
The adder poisons you! 😨 HP[-5]
You take 5 damage, and now have 7/27 hp.
It was a potion of brilliance.
You feel clever all of a sudden.
* * * LOW HITPOINT WARNING * * *
You feel very sick.
The quokka bites you but does no damage.
The adder bites you but does no damage. 😱 HP[-3]
You take 3 damage, and now have 4/27 hp.
It was a potion of attraction.
You feel attractive to monsters.
* * * LOW HITPOINT WARNING * * *
You feel sick.
The quokka bites you but does no damage.
The adder bites you.
* * * LOW HITPOINT WARNING * * *
You are more poisoned.
The adder poisons you! 😱 HP[-3]
You take 3 damage, and now have 1/27 hp.
You hit the adder.
You die...

Skill      XL: |  1  2 |
---------------+-------+-----
Armour         | 1 |  1.0
Long Blades    | 2 |  2.5
Dodging        | 3 |  3.4
Fighting       | |  2.9
Invocations    | |  2.9

Action                   |  1- 3 |  4- 6 || total
-------------------------+-------+-------++-------
Melee: Falchion          |   112 |    25 ||   137
       Punch             |     3 |       ||     3
       Dagger            |     9 |     5 ||    14
  Use: Potion            |       |     2 ||     2
       Scroll            |       |     1 ||     1
 Stab: Sleeping          |     2 |       ||     2
Armor: Leather armour    |    43 |    12 ||    55
Dodge: Dodged            |   102 |    30 ||   132

Levels and vault maps discovered:
D:1:      minmay_arrival_radiant_lines, layout_rooms,
          hellmonk_ecumenical_altar_blasted, minmay_box_of_dots
D:2:      layout_loops_corners, kennysheep_big_empty_room, grunt_ministairs_9,
          uniq_sigmund

Notes
Turn   | Place    | Note
-------+----------+-------------------------------------------
     0 | Abyss:1  | spiderkeys the Deep Elf Abyssal Knight began the quest for
                  | the Orb.
     0 | Abyss:1  | Reached XP level 1. HP: 13/13 MP: 4/4
     0 | Abyss:1  | magus.rc [v1.11.3]
     0 | Abyss:1  | Found a corrupted altar of Lugonu.
     6 | D:1      | You pass through the gate.
     6 | D:1      | Escaped the Abyss
   270 | D:1      | Reached skill level 1 in Armour
   273 | D:1      | Reached XP level 2. HP: 12/18 MP: 5/5
   390 | D:1      | Reached skill level 2 in Long Blades
   706 | D:1      | Found a faded altar of an unknown god.
   775 | D:1      | Reached skill level 3 in Dodging
   775 | D:1      | Reached XP level 3. HP: 7/22 MP: 6/6
  1485 | D:2      | Reached XP level 4. HP: 18/27 MP: 8/8
  1876 | D:2      | Reached *** piety under Lugonu
  1907 | D:2      | Noticed Sigmund
  2085 | D:2      | HP: 4/27 [poisoned by an adder]
  2086 | D:2      | HP: 1/27 [adder (2)]
  2087 | D:2      | Succumbed to an adder's poison

Vanquished Creatures
  3 adders
  2 dart slugs (D:1)
  6 bats (D:1)
  3 giant cockroaches (D:1)
  4 goblins (D:1)
  8 hobgoblins
  2 jackals (D:2)
  3 kobolds
  4 quokkas
  4 ball pythons
  3 rats (D:1)
42 creatures vanquished.

Table legend:
 A = Non-vault XP
 B = Vault XP
 C = Vault XP percentage of total XP
 D = Non-vault monster count
 E = Vault monster count
 F = Vault count percentage of total count
                 A         B        C        D         E       F
            +---------+---------+-------+---------+---------+-------
      Total |     109 |       6 |   5.2 |      39 |       3 |   7.1
            +---------+---------+-------+---------+---------+-------
        D:1 |      66 |       6 |   8.3 |      29 |       3 |   9.4
        D:2 |      43 |       0 |   0.0 |      10 |       0 |   0.0
            +---------+---------+-------+---------+---------+-------

Illustrated notes

Table legend:
 A = Kills in this place as a percentage of kills in entire the game.
 B = Kills by you in this place as a percentage of kills by you in the entire game.
 C = Kills by friends in this place as a percentage of kills by friends in the entire game.
 D = Other kills in this place as a percentage of other kills in the entire game.
 E = Experience gained in this place as a percentage of experience gained in the entire game.
 F = Experience gained in this place divided by the number of levels of this place that you have seen.
                   A       B       C       D       E      F
               +-------+-------+-------+-------+-------+----------------------
         Total | 100.0 | 100.0 |   N/A |   N/A | 100.0 |  38.3
       Dungeon | 100.0 | 100.0 |   N/A |   N/A | 100.0 |  57.5
               +-------+-------+-------+-------+-------+----------------------

Table legend: (Time is in decaauts)
 A = Elapsed time spent in this place.
 B = Non-inter-level travel time spent in this place.
 C = Inter-level travel time spent in this place.
 D = Time resting spent in this place.
 E = Time spent auto-exploring this place.
 F = Levels seen in this place.
 G = Mean time per level.
                   A        B        C        D        E       F      G
               +--------+--------+--------+--------+--------+-----+--------+
         Total |   2112 |   2111 |      1 |    196 |   1548 |   3 |  704.0 |
       Dungeon |   2106 |   2105 |      1 |    196 |   1548 |   2 | 1053.0 |
         Abyss |      6 |      6 |      0 |      0 |      0 |   1 |    6.0 |
               +--------+--------+--------+--------+--------+-----+--------+

Top non-repeatable levels by time:
     D:1: 1382 daAuts
     D:2: 723 daAuts
 Abyss:1: 6 daAuts
